 Dungeon Crawl Stone Soup version 0.21-a0-278-ga722497 (webtiles) character file.

44 motkurip the Charmwright (level 3, 0/27 HPs)
             Began as a Merfolk Skald on Sept 21, 2017.
             Succumbed to an adder's poison
             ... on level 2 of the Dungeon.
             The game lasted 00:04:11 (674 turns).

motkurip the Charmwright (Merfolk Skald)             Turns: 674, Time: 00:04:12

Health: 0/27       AC:  3    Str: 16    XL:     3   Next: 60%
Magic:  2/6        EV: 12    Int: 12    God:
Gold:   62         SH:  0    Dex: 14    Spells: 0/6 levels left

rFire    . . .     SeeInvis .   a - +0 spear
rCold    . . .     Gourm    .   (no shield)
rNeg     . . .     Faith    .   b - +0 leather armour
rPois    .         Spirit   .   k - +0 hat
rElec    .         Reflect  .   (no cloak)
rCorr    .         Harm     .   (no gloves)
MR       .....                  (no boots)
Stlth    +.........             (no amulet)
HPRegen  0.09/turn              (no ring)
MPRegen  0.10/turn              (no ring)

@: mighty, lethally poisoned (0 -> -3), flying, very slightly contaminated
A: change form in water, swift swim, stealthy swim
a: no special abilities


You were on level 2 of the Dungeon.
You were not hungry.

You visited 1 branch of the dungeon, and saw 2 of its levels.

You collected 62 gold pieces.

Inventory:

Hand Weapons
 a - a +0 spear (weapon)
Armour
 b - a +0 leather armour (worn)
 k - a +0 hat (worn)
Jewellery
 e - an uncursed amulet of guardian spirit
Scrolls
 g - 3 scrolls of identify {unknown}
Books
 c - a book of Battle

   Spells                             Type                      Level
   a - Infusion                       Charms                       1
   b - Shroud of Golubria             Charms/Translocation         2
   c - Song of Slaying                Charms                       2
   d - Spectral Weapon                Hexes/Charms                 3
   e - Regeneration                   Charms/Necromancy            3
Comestibles
 d - 2 bread rations
 f - 2 royal jellies
 h - 2 meat rations


   Skills:
 - Level 2.1 Fighting
 - Level 4.0 Polearms
 - Level 0.6 Armour
 - Level 2.6 Dodging
 - Level 2.0 Spellcasting
 + Level 1.0 Hexes
 - Level 4.1 Charms


You couldn't memorise any spells.
You knew the following spells:

 Your Spells              Type           Power        Failure   Level  Hunger
a - Infusion              Chrm           ##..         6%          1    ##.....
b - Shroud of Golubria    Chrm/Tloc      #.........   22%         2    ###....
c - Spectral Weapon       Hex/Chrm       #.......     34%         3    ####...


Dungeon Overview and Level Annotations

Branches:
Dungeon (2/15)

Altars:
Ashenzari


Message History

The kobold hits your spectral weapon but does no damage.
Unknown command.
It was a potion of might.
You feel very mighty all of a sudden.
* * * LOW HITPOINT WARNING * * *
You feel sick. The adder misses you.
Unknown command.
You miss the adder.
The adder is moderately wounded.
Your spectral weapon hits the adder.
The adder bites you.
* * * LOW HITPOINT WARNING * * *
The adder barely misses you.
Unknown command.
You puncture the adder!
You kill the adder!
Your Hexes skill increases to level 1!
The kobold hits you but does no damage.
Unknown command.
You swap places.
You die...

♣≈≈≈†≈≈ ♣≈≈≈≈≈♣
♣♣♣♣≈≈≈
..########## .#
♣≈≈≈P
...K...((..# .#
#≈≈PP
..##...###.# .#
#.≈♣≈ #.#.###.#
###.# #.##. ..
#...#.######...#
#.... #.
###...@........#
####. #
#...#.K(((.....#
#.
#.###########)##
#. .. #.# #. ##
#.########.
#..........
###########


You could see a kobold and a friendly spectral spear.

Vanquished Creatures
  3 adders (D:2)
  2 bats (D:2)
  A giant cockroach (D:1)
  4 hobgoblins
  2 frilled lizards (D:2)
  3 kobolds
  4 rats
19 creatures vanquished.

Notes
Turn   | Place    | Note
-------+----------+-------------------------------------------
     0 | D:1      | motkurip the Merfolk Skald began the quest for the Orb.
     0 | D:1      | Reached XP level 1. HP: 16/16 MP: 3/3
    97 | D:1      | Found a shattered altar of Ashenzari.
   293 | D:1      | Reached XP level 2. HP: 17/22 MP: 5/5
   297 | D:1      | Learned a level 2 spell: Shroud of Golubria
   543 | D:2      | Reached XP level 3. HP: 6/27 MP: 1/6
   586 | D:2      | Learned a level 3 spell: Spectral Weapon
   672 | D:2      | HP: 1/27 [adder (1)]
   673 | D:2      | Reached skill level 1 in Hexes
   674 | D:2      | Succumbed to an adder's poison

Vault maps used:
D:1:      minmay_arrival_widening_spiral_wide, serial_bayou_ford_a,
          ashenzari_altar_1
D:2:      serial_bayou_lake_a, uniq_crazy_yiuf_cottage, uniq_terence

Skill      XL: |  1  2  3 |
---------------+----------+-----
Polearms       | 4 |  4.0
Charms         | 4 |  4.1
Hexes          | 1 |  1.0
Fighting       | |  2.1
Armour         | |  0.6
Dodging        | |  2.6
Spellcasting   | |  2.0

Action                   || total
-------------------------++-------
Melee: Spear             ||    73
 Cast: Infusion          ||     4
       Shroud of Golubri ||     1
       Spectral Weapon   ||     1
  Use: Potion            ||     4
Armor: Leather armour    ||    13
Dodge: Dodged            ||    40

Table legend:
 A = Spawn XP
 B = Non-spawn XP
 C = Spawn XP percentage of total XP
 D = Spawn monster count
 E = Non-spawn monster count
 F = Spawn count percentage of total count
 G = Total turns spent on level
                    A         B        C        D         E        F      G
               +---------+---------+-------+---------+---------+-------+---------
         Total |       0 |      63 |   0.0 |       0 |      19 |   0.0 |   674
               +---------+---------+-------+---------+---------+-------+---------
           D:1 |       0 |      11 |   0.0 |       0 |       7 |   0.0 |   323
           D:2 |       0 |      52 |   0.0 |       0 |      12 |   0.0 |   351
               +---------+---------+-------+---------+---------+-------+---------
